 Dungeon Crawl Stone Soup version 0.29-a0-19-gef7f3e67aa (webtiles) character file.

Game seed: 18434230715742672449

89539 Gargoyl the Fighter (level 15, -7/122 HPs)
             Began as a Gnoll Abyssal Knight on Jan 29, 2022.
             Was an Elder of Lugonu.
             Mangled by a dire elephant (10 damage)
             ... on level 15 of the Dungeon.
             The game lasted 00:45:51 (40600 turns).

Gargoyl the Fighter (Gnoll Abyssal Knight)         Turns: 40600, Time: 00:45:51

Health: -7/122     AC: 25    Str: 20    XL:     15   Next: 97%
Magic:  3/29       EV: 12    Int:  9    God:    Lugonu [****..]
Gold:   1739       SH:  0    Dex: 21    Spells: 35/35 levels left

rFire   + . .      SeeInvis +   b - +11 hand axe of Dust {protect, +Blink rC+ Str-4 Stlth+}
rCold   + + .      Faith    .   (no shield)
rNeg    + + +      Spirit   .   j - +0 plate armour
rPois   +          Reflect  .   l - +0 helmet
rElec   .          Harm     .   v - +0 cloak of Vanity {Str+3}
rCorr   .          Rampage  .   e - +1 pair of gloves
Will    ++...                   f - +3 pair of boots of the Robin {rN+++ Stlth-}
Stlth   ++........              H - amulet of the Cast Vote {Acrobat Str+3 Stlth+}
HPRegen 0.30/turn               n - ring of Irri Rao {Will+ Dex+6 SInv}
MPRegen 0.21/turn               C - ring "Burphew" {rF+ rC+}

@: studying Fire Magic
A: fangs 1, strong nose, distributed training, poison resistance, screaming 2,
MP-powered wands
a: Renounce Religion, Evoke Blink, Depart the Abyss, Bend Space, Banish, Corrupt


You were on level 15 of the Dungeon.
You worshipped Lugonu.
Lugonu was greatly pleased with you.
You visited 2 branches of the dungeon, and saw 21 of its levels.
You visited the Abyss 2 times.

You collected 1871 gold pieces.
You spent 132 gold pieces at shops.

Inventory:

Hand Weapons
 a - a +4 hand axe
 b - the +11 hand axe of Dust (weapon) {protect, +Blink rC+ Str-4 Stlth+}
   (You found it on level 2 of the Dungeon)

   It grants its wielder temporary protection when it strikes (+7 to AC).
   Str:       It affects your strength (-4).
   rC:        It protects you from cold.
   +Blink:    It lets you blink.
   Stlth:     It makes you more stealthy.
 q - a +1 whip of distortion
 Q - a +1 hand axe of flaming
Missiles
 h - 23 poisoned darts (quivered)
 i - 3 throwing nets
Armour
 e - a +1 pair of gloves (worn)
 f - the +3 pair of boots of the Robin (worn) {rN+++ Stlth-}
   (You found it on level 4 of the Dungeon)

   rN:        It renders you almost immune to negative energy.
   Stlth:     It makes you less stealthy.
 j - a +0 plate armour (worn)
 l - a +0 helmet (worn)
 v - the +0 cloak of Vanity (worn) {Str+3}
   (You found it on level 8 of the Dungeon)

   Str:       It affects your strength (+3).
Jewellery
 m - a ring of willpower
 n - the ring of Irri Rao (left hand) {Will+ Dex+6 SInv}
   (You acquired it on level 7 of the Dungeon)

   [ring of dexterity]

   Dex:       It affects your dexterity (+6).
   SInv:      It lets you see invisible.
   Will:      It increases your willpower.
 r - a +4 ring of protection
 u - a ring of flight
 w - a +6 ring of strength
 C - the ring "Burphew" (right hand) {rF+ rC+}
   (You acquired it on level 10 of the Dungeon)

   [ring of protection from cold]

   rF:        It protects you from fire.
   rC:        It protects you from cold.
 D - a ring of resist corrosion
 F - a ring of see invisible
 H - the amulet of the Cast Vote (around neck) {Acrobat Str+3 Stlth+}
   (You found it on level 1 of the Lair of Beasts)

   [amulet of the acrobat]

   It increases your evasion while moving and waiting.
   Str:       It affects your strength (+3).
   Stlth:     It makes you more stealthy.
 J - a ring of willpower
 K - a +4 ring of protection
Wands
 d - a wand of digging (9)
 p - a wand of charming (7)
 z - a wand of iceblast (5)
 A - a wand of acid (6)
 I - a wand of mindburst (9)
 P - a wand of flame (13)
Scrolls
 c - 3 scrolls of teleportation
 k - 13 scrolls of identify
 x - a scroll of magic mapping
 E - 3 scrolls of fog
 L - a scroll of blinking
 S - a scroll of enchant armour
Potions
 g - a potion of brilliance
 o - 3 potions of lignification
 s - 2 potions of invisibility
 t - 3 potions of heal wounds
 B - 2 potions of mutation
 M - 2 potions of ambrosia
 N - a potion of magic
 O - 2 potions of curing
 R - 2 potions of haste
 T - a potion of cancellation
Miscellaneous
 G - a lightning rod (4/4)


   Skills:
 + Level 12.3 Fighting
 + Level 10.5 Short Blades
 + Level 10.5 Long Blades
 + Level 11.4 Axes
 + Level 10.5 Maces & Flails
 + Level 10.5 Polearms
 + Level 10.5 Staves
 + Level 10.5 Slings
 + Level 10.5 Bows
 + Level 10.5 Crossbows
 + Level 10.5 Throwing
 + Level 11.4 Armour
 + Level 10.8 Dodging
 + Level 10.5 Stealth
 + Level 10.5 Shields
 + Level 10.5 Unarmed Combat
 + Level 10.5 Spellcasting
 + Level 8.8 Conjurations
 + Level 8.8 Hexes
 + Level 8.8 Summonings
 + Level 8.8 Necromancy
 + Level 8.8 Translocations
 + Level 8.8 Transmutations
 + Level 11.4 Fire Magic
 + Level 8.8 Ice Magic
 + Level 8.8 Air Magic
 + Level 8.8 Earth Magic
 + Level 8.8 Poison Magic
 + Level 12.3 Invocations
 + Level 10.5 Evocations


You had 35 spell levels left.
You didn't know any spells.
Your spell library contained the following spells:

 Spells                   Type           Power      Damage    Failure   Level
 Animate Skeleton         Necr           40%        N/A       5%          1
 Apportation              Tloc           40%        N/A       5%          1
 Pain                     Necr           80%        1d8       5%          1
 Slow                     Hex            80%        N/A       5%          1
 Sting                    Tmut/Pois      80%        1d7       5%          1
 Corpse Rot               Necr/Air       40%        N/A       9%          2
 Poisonous Vapours        Pois/Air       40%        N/A       9%          2
 Sublimation of Blood     Necr           20%        N/A       9%          2
 Wereblood                Tmut           20%        N/A       9%          2
 Ignite Poison            Fire/Tmut/Pois 22%        N/A       12%         3
 Confusing Touch          Hex            20%        N/A       16%         3
 Gell's Gravitas          Tloc           20%        N/A       16%         3
 Lesser Beckoning         Tloc           20%        N/A       16%         3
 Mephitic Cloud           Conj/Pois/Air  20%        N/A       16%         3
 Portal Projectile        Hex/Tloc       40%        N/A       16%         3
 Teleport Other           Tloc           20%        N/A       16%         3
 Vampiric Draining        Necr           20%        2d7       16%         3
 Olgreb's Toxic Radiance  Pois           20%        N/A       47%         4
 Fireball                 Conj/Fire      11%        3d7       65%         5
 Alistair's Intoxication  Tmut/Pois      13%        N/A       83%         5
 Blade Hands              Tmut           10%        N/A       83%         5
 Excruciating Wounds      Necr           10%        N/A       83%         5
 Freezing Cloud           Conj/Ice/Air   10%        6-21      83%         5
 Summon Forest            Summ/Tloc      10%        N/A       83%         5
 Starburst                Conj/Fire      11%        6d5       99%         6
 Eringya's Noxious Bog    Tmut/Pois      10%        N/A       100%        6
 Summon Hydra             Summ           10%        N/A       100%        7
 Ignition                 Fire           12%        3d6       100%        8


Dungeon Overview and Level Annotations

Branches:
Dungeon (15/15)            Temple (0/1) D:6            Lair (6/6) D:8
 Shoals (0/4) Lair:3        Snake (0/4) Lair:3        Slime (0/5) Lair:6
    Orc (0/2) D:12         Vaults (0/5) D:14         Depths (0/4) D:15

Altars:
Cheibriados
Dithmenos
Makhleb
Qazlal
Ru
Sif Muna
Trog
Jiyva

Shops:
D:1 (   D:2 *   D:3 *!   D:4 (   D:10 *

Annotations:
D:15 corrupted
Lair:5 2 transporters, Una Erem's ghost, journeyman OpTm
Abyss:1 Nessos


Innate Abilities, Weirdness & Mutations

You have very sharp teeth.
Your uncanny sense of smell can sniff out nearby items.
Your experience applies equally to all skills.
Your system is resistant to poisons. (rPois)
You frequently scream uncontrollably at your foes.
You expend magic power (3 MP) to strengthen your wands.


Message History

The dire elephant closely misses you. The dire elephant trunk-slaps you.
Press: ? - help, Shift-Dir - straight line, f/p - dire elephant
Aim: a dire elephant (moderately wounded, chance to affect: 25%)
The dire elephant resists with almost no effort.
The dire elephant closely misses you.
The dire elephant trunk-slaps you but does no damage.
Press: ? - help, Shift-Dir - straight line, f/p - dire elephant
Aim: a dire elephant (moderately wounded, chance to affect: 25%)
The dire elephant resists with almost no effort.
The dire elephant tramples you!
You hold your ground!
The dire elephant trunk-slaps you.
* * * LOW HITPOINT WARNING * * *
Press: ? - help, Shift-Dir - straight line, f/p - dire elephant
Aim: a dire elephant (moderately wounded, chance to affect: 25%)
The dire elephant resists with almost no effort.
You can no longer gate yourself to the Abyss.
The dire elephant tramples you!!
* * * LOW HITPOINT WARNING * * *
You hold your ground!
The dire elephant closely misses you.
Press: ? - help, Shift-Dir - straight line, f/p - dire elephant
Aim: a dire elephant (moderately wounded, chance to affect: 25%)
The dire elephant resists with almost no effort.
The dire elephant tramples you!
* * * LOW HITPOINT WARNING * * *
You hold your ground!
The dire elephant trunk-slaps you.
* * * LOW HITPOINT WARNING * * *
You feel much better. The dire elephant tramples you!!
* * * LOW HITPOINT WARNING * * *
You hold your ground!
The dire elephant trunk-slaps you but does no damage.
Space bends sharply around you!
You blink.
You feel much better. The dire elephant tramples you!!
* * * LOW HITPOINT WARNING * * *
You hold your ground!
The dire elephant closely misses you.
Okay, then.
Activating: Corrupt (2% risk of failure)
Press: ? - help, Dir - look around, f - activate Lugonu's Hand of Corruption reaches out!
The dire elephant barely misses you. The dire elephant trunk-slaps you!
You die...

#.# #...........# #.# #<#
######.###############.# #.# #.#
#.#####............ #.#
#p.###.......#########.# #.#
3X.###.##### #.. #.. .x.#x#. ###
### ##.#v.### ####x.##>#
#.#...#@Y.## #.3X5.X.#.# ##
#G#....#X..# ...######
#.#X..X###.# #.....#.
#W....#...#..# #..#..#.
#...#.#.≈.#..# #....#.
#########.....#...##### #......
#...........#....#....# ####.#.
#.#########.####......####......


You could see a dire elephant, 2 neutral starcursed masses, a neutral tentacled
starspawn (summoned), a neutral spatial maelstrom (summoned), a neutral shining
eye (summoned), 3 neutral large abominations, a neutral freezing wraith
(summoned), a neutral necromancer (summoned), 2 neutral ynoxinuls, 3 neutral
small abominations and a neutral ufetubus (summoned).

Vanquished Creatures
  Rupert (D:12)
  Agnes (D:14)
  The ghost of Pepuhonn the Thaumaturge, an adept DsIE of Vehumet (D:14)
  A fire dragon (Lair:6)
  2 boulder beetles
  11 hydras
  4 centaur warriors
  2 death knights
  7 two-headed ogres
  3 death yaks (D:7)
  Sonja (D:12)
  The ghost of mfcas the Thaumaturge, a novice DjCj of Makhleb (D:7)
  7 skeletal warriors
  A wizard (D:15)
  2 phantasmal warriors
  A lindwurm (Lair:6)
  A deep elf zephyrmancer (D:14)
  A wolf spider (D:15)
  An orc knight (D:11)
  13 ugly things
  A necromancer (D:14)
  6 deep elf pyromancers
  5 cyclopes
  2 manticores
  10 black mambas
  5 elephants
  A merfolk siren (Lair:3)
  An eye of devastation (shapeshifter) (D:14)
  2 molten gargoyles (Lair:6)
  A gargoyle (D:12)
  9 cane toads
  3 rime drakes
  4 orange demons (D:11)
  A kobold demonologist (D:12)
  3 freezing wraiths
  9 komodo dragons
  4 red devils (D:11)
  8 trolls
  3 meliai (D:14)
  2 hornets
  Grinder (D:5)
  A wolf spider simulacrum (D:15)
  2 polar bears
  12 dream sheep
  23 blink frogs
  8 slime creatures
  A vampire (D:9)
  4 wraiths
  7 wyverns
  Sigmund (D:4)
  2 shadows (D:13)
  Eustachio (D:4)
  A yak (shapeshifter) (D:13)
  6 basilisks
  A human (shapeshifter) (D:15)
  47 yaks
  11 vampire mosquitoes
  3 steam dragons
  Menkaure (D:5)
  Edmund (D:3)
  An acid dragon (D:13)
  A naga (Lair:3)
  22 water moccasins
  3 hell hounds (Lair:6)
  2 hornet zombies
  A swamp drake (Lair:1)
  3 orc warriors
  2 sky beasts
  5 ogres
  2 necrophages
  19 wolves
  5 centaurs
  A phantom (D:5)
  2 kobold brigands
  14 bullfrogs
  8 scorpions
  A wyvern zombie (D:5)
  A water moccasin zombie (D:5)
  The ghost of Oldhorse the Bolt Thrower, a weakling DDHu (D:3)
  5 wights (D:7)
  3 howler monkeys
  An electric eel (D:14)
  3 lava snakes (Lair:6)
  2 centaur zombies
  2 jellies
  2 bullfrog zombies (D:6)
  5 hounds
  A centaur skeleton (D:7)
  4 orc priests
  2 bullfrog skeletons
  5 iguanas
  3 gnoll shamans
  A hell rat (D:8)
  Natasha (twice) (D:3)
  11 orc wizards
  2 killer bee zombies (D:7)
  Robin (D:4)
  A howler monkey zombie (D:10)
  18 gnolls
  11 adders
  2 river rats (D:8)
  A shadow imp (D:8)
  An ufetubus (D:4)
  An adder zombie (D:2)
  2 worms (D:3)
  The ghost of grizmgrazm2 the Sneak, a weakling KoDe (D:5)
  2 dart slugs (D:1)
  24 orcs
  11 bats
  14 endoplasms
  3 giant cockroaches
  10 goblins
  9 hobgoblins
  6 jackals
  9 quokkas
  6 ball pythons
  A ball python skeleton (D:2)
  2 frilled lizards
  14 kobolds
  7 rats
581 creatures vanquished.

Vanquished Creatures (others)
  A komodo dragon (Lair:6)
  A steam dragon (Lair:6)
  43 fungi
  49 plants
  2 withered plants (D:2)
96 creatures vanquished.

Grand Total: 677 creatures vanquished

Notes
Turn   | Place    | Note
-------+----------+-------------------------------------------
     0 | Abyss:1  | Gargoyl the Gnoll Abyssal Knight began the quest for the
                  | Orb.
     0 | Abyss:1  | Reached XP level 1. HP: 23/23 MP: 3/3
    54 | Abyss:2  | Found a corrupted altar of Lugonu.
    81 | Abyss:2  | Noticed an iron imp
   103 | Abyss:3  | Noticed a smoke demon
   107 | D:1      | Escaped the Abyss
   457 | D:1      | Found Covarph's Weapon Shoppe.
   486 | D:1      | Reached * piety under Lugonu
   492 | D:1      | Reached XP level 2. HP: 10/29 MP: 5/5
   494 | D:1      | HP: 1/29 [frozen (4)]
  1059 | D:1      | Reached XP level 3. HP: 34/35 MP: 6/6
  1684 | D:2      | Found a faded altar of an unknown god.
  1718 | D:2      | Reached skill level 1 in Short Blades
  1718 | D:2      | Reached skill level 1 in Long Blades
  1718 | D:2      | Reached skill level 1 in Maces & Flails
  1718 | D:2      | Reached skill level 1 in Polearms
  1718 | D:2      | Reached skill level 1 in Staves
  1718 | D:2      | Reached skill level 1 in Slings
  1718 | D:2      | Reached skill level 1 in Bows
  1718 | D:2      | Reached skill level 1 in Crossbows
  1718 | D:2      | Reached skill level 1 in Throwing
  1718 | D:2      | Reached skill level 1 in Stealth
  1718 | D:2      | Reached skill level 1 in Shields
  1718 | D:2      | Reached skill level 1 in Unarmed Combat
  1718 | D:2      | Reached skill level 1 in Spellcasting
  1718 | D:2      | Reached skill level 1 in Evocations
  1796 | D:2      | Found Eranoh's Assorted Antiques.
  1857 | D:2      | Reached XP level 4. HP: 26/41 MP: 7/7
  2182 | D:2      | Reached skill level 1 in Conjurations
  2182 | D:2      | Reached skill level 1 in Hexes
  2182 | D:2      | Reached skill level 1 in Summonings
  2182 | D:2      | Reached skill level 1 in Necromancy
  2182 | D:2      | Reached skill level 1 in Translocations
  2182 | D:2      | Reached skill level 1 in Transmutations
  2182 | D:2      | Reached skill level 1 in Fire Magic
  2182 | D:2      | Reached skill level 1 in Ice Magic
  2182 | D:2      | Reached skill level 1 in Air Magic
  2182 | D:2      | Reached skill level 1 in Earth Magic
  2182 | D:2      | Reached skill level 1 in Poison Magic
  2325 | D:2      | Reached ** piety under Lugonu
  2336 | D:2      | Identified the +11 hand axe of Dust {protect, +Blink rC+
                  | Str-4 Stlth+}
  2353 | D:2      | Found a snail-covered altar of Cheibriados.
  2959 | D:3      | Found Oreim's General Store.
  3039 | D:3      | Reached XP level 5. HP: 45/47 MP: 8/8
  3150 | D:3      | Noticed Natasha
  3159 | D:3      | Killed Natasha
  3218 | D:3      | Found Faneqi's Distillery.
  3451 | D:3      | Found a transporter.
  3456 | D:3      | Found a transporter.
  3508 | D:3      | Reached skill level 5 in Invocations
  3508 | D:3      | Reached XP level 6. HP: 25/53 MP: 9/9
  3912 | D:3      | Noticed Oldhorse's ghost (weakling DDHu)
  4112 | D:4      | Noticed Eustachio
  4123 | D:4      | Reached skill level 5 in Axes
  4123 | D:4      | Reached skill level 5 in Armour
  4129 | D:4      | Noticed Edmund
  4462 | D:3      | Killed Edmund
  4549 | D:4      | Reached XP level 7. HP: 43/59 MP: 10/10
  4558 | D:4      | Killed Eustachio
  4674 | D:4      | Identified the +3 pair of boots of the Robin {rN+++ Stlth-}
  4839 | D:4      | Noticed Robin
  4849 | D:4      | Killed Robin
  4887 | D:4      | Noticed Sigmund
  4906 | D:4      | Killed Sigmund
  5177 | D:4      | Reached XP level 8. HP: 67/67 MP: 12/12
  5312 | D:4      | Found Kine's Antique Weapon Emporium.
  5501 | D:5      | Entered Level 5 of the Dungeon
  5566 | D:5      | Reached *** piety under Lugonu
  5614 | D:5      | Noticed Grinder
  5627 | D:5      | Killed Grinder
  6058 | D:5      | Found a shadowy altar of Dithmenos.
  6343 | D:5      | Noticed Menkaure
  6352 | D:5      | Killed Menkaure
  6594 | D:5      | Found a runed translucent gate.
  6594 | D:5      | Found a runed translucent gate.
  6594 | D:5      | Found a runed translucent gate.
  6595 | D:5      | Noticed grizmgrazm2's ghost (weakling KoDe)
  6796 | D:5      | Killed grizmgrazm2's ghost
  6856 | D:6      | Reached XP level 9. HP: 72/72 MP: 14/14
  6910 | D:6      | Found a staircase to the Ecumenical Temple.
  7201 | D:6      | Reached **** piety under Lugonu
  7206 | D:6      | Reached skill level 5 in Dodging
  8046 | D:6      | Found a stormy altar of Qazlal.
  8060 | D:6      | Found a bloodstained altar of Trog.
  8156 | D:7      | Identified a scroll of acquirement
  8156 | D:7      | Acquired the ring of Irri Rao {Will+ Dex+6 SInv}
  8437 | D:7      | Noticed a deep elf pyromancer
  8446 | D:7      | Killed a deep elf pyromancer
  8447 | D:7      | Reached XP level 10. HP: 64/80 MP: 17/17
  8590 | D:7      | Reached skill level 5 in Short Blades
  8590 | D:7      | Reached skill level 5 in Long Blades
  8590 | D:7      | Reached skill level 5 in Maces & Flails
  8590 | D:7      | Reached skill level 5 in Polearms
  8590 | D:7      | Reached skill level 5 in Staves
  8590 | D:7      | Reached skill level 5 in Slings
  8590 | D:7      | Reached skill level 5 in Bows
  8590 | D:7      | Reached skill level 5 in Crossbows
  8590 | D:7      | Reached skill level 5 in Throwing
  8590 | D:7      | Reached skill level 5 in Stealth
  8590 | D:7      | Reached skill level 5 in Shields
  8590 | D:7      | Reached skill level 5 in Unarmed Combat
  8590 | D:7      | Reached skill level 5 in Spellcasting
  8590 | D:7      | Reached skill level 5 in Evocations
  8831 | D:7      | Noticed mfcas's ghost (novice DjCj)
  8833 | D:7      | Found a transporter.
  8833 | D:7      | Identified the +6 great mace "Jawkenkam" {speed, rElec}
  8833 | D:7      | Noticed a two-headed ogre
  8835 | D:7      | Found a transporter.
  9681 | D:8      | Noticed a death yak
  9684 | D:8      | Noticed a death yak
  9685 | D:8      | Noticed a death yak
  9748 | D:7      | Killed a death yak
  9951 | D:7      | Killed a death yak
  9968 | D:7      | Killed a death yak
 10369 | D:3      | Noticed Natasha
 10373 | D:3      | Killed Natasha
 10394 | D:3      | Killed Oldhorse's ghost
 10703 | D:7      | Killed a two-headed ogre
 10704 | D:7      | Reached skill level 5 in Fire Magic
 10704 | D:7      | Reached XP level 11. HP: 35/87 MP: 19/19
 11035 | D:7      | Killed mfcas's ghost
 11036 | D:7      | Reached skill level 5 in Conjurations
 11036 | D:7      | Reached skill level 5 in Hexes
 11036 | D:7      | Reached skill level 5 in Summonings
 11036 | D:7      | Reached skill level 5 in Necromancy
 11036 | D:7      | Reached skill level 5 in Translocations
 11036 | D:7      | Reached skill level 5 in Transmutations
 11036 | D:7      | Reached skill level 5 in Ice Magic
 11036 | D:7      | Reached skill level 5 in Air Magic
 11036 | D:7      | Reached skill level 5 in Earth Magic
 11036 | D:7      | Reached skill level 5 in Poison Magic
 11208 | D:8      | Found a staircase to the Lair.
 11451 | D:8      | Identified the +0 cloak of Vanity {Str+3}
 11627 | D:8      | Found a burning altar of Makhleb.
 11655 | D:8      | Noticed a white ugly thing
 11656 | D:8      | Noticed a manticore
 11773 | D:8      | Noticed a manticore
 11779 | D:8      | Noticed a cyclops
 13278 | D:9      | Noticed a two-headed ogre
 13286 | D:9      | Killed a two-headed ogre
 13825 | D:9      | Reached ***** piety under Lugonu
 13905 | D:10     | Entered Level 10 of the Dungeon
 14089 | D:10     | Found Viufrikh's Fire Supplies.
 14102 | D:10     | Bought a +0 long sword of flaming for 132 gold pieces
 14234 | D:10     | Reached XP level 12. HP: 69/96 MP: 22/22
 14480 | D:10     | Acquired the ring "Burphew" {rF+ rC+}
 14608 | D:10     | Gained mutation: You have an increased reservoir of magic.
                  | (+10% MP) [potion of mutation]
 14865 | Lair:1   | Entered Level 1 of the Lair of Beasts
 14884 | Lair:1   | HP: 1/97 [komodo dragon (14)]
 16118 | Lair:1   | Reached skill level 10 in Fighting
 16402 | Lair:1   | Identified the amulet of the Cast Vote {Acrobat Str+3
                  | Stlth+}
 16622 | Lair:1   | Noticed a five-headed hydra
 16640 | Lair:1   | Killed a one-headed hydra
 17087 | Lair:2   | Noticed a six-headed hydra
 17098 | Lair:2   | Noticed a four-headed hydra
 17100 | Lair:2   | Killed a one-headed hydra
 17105 | Lair:2   | Killed a one-headed hydra
 17487 | Lair:2   | Identified the +7 quarterstaff of the Final Decision
                  | {venom, rF- rCorr Str+2 Int+4}
 17513 | Lair:2   | Noticed an eight-headed hydra
 17524 | Lair:2   | HP: 1/97 [three-headed hydra (8)]
 17528 | Lair:2   | Killed a one-headed hydra
 17529 | Lair:2   | Reached XP level 13. HP: 28/103 MP: 27/27
 18616 | Lair:2   | Reached skill level 10 in Invocations
 18919 | Lair:3   | Found a staircase to the Snake Pit.
 19149 | Lair:3   | Identified the +1 leather armour of Defence {rC- Regen+
                  | MP+9}
 19185 | Lair:3   | Identified the +1 rapier "Okipn" {elec, rF+ Str+5}
 19691 | Lair:3   | Found a staircase to the Shoals.
 21890 | Lair:5   | Noticed Nessos
 21937 | Lair:5   | Banished Nessos
 23257 | Lair:5   | Found a transporter.
 23364 | Lair:5   | Found a transporter.
 23368 | Lair:5   | Noticed Una Erem's ghost (journeyman OpTm)
 23368 | Lair:5   | Found the ring of Shadows {Umbra +Inv Stlth+}
 23566 | Lair:6   | Entered Level 6 of the Lair of Beasts
 23788 | Lair:6   | Reached skill level 10 in Axes
 23788 | Lair:6   | Reached skill level 10 in Armour
 23788 | Lair:6   | Reached XP level 14. HP: 113/113 MP: 29/29
 24560 | Lair:6   | Reached ****** piety under Lugonu
 24951 | Lair:6   | Found a viscous altar of Jiyva.
 24952 | Lair:6   | Found a staircase to the Slime Pits.
 26781 | Lair:6   | Found a large runed translucent door.
 26781 | Lair:6   | Found a large runed translucent door.
 27238 | Lair:6   | Lost mutation: You have an increased reservoir of magic.
                  | (+10% MP) [potion of mutation]
 27238 | Lair:6   | Gained mutation: Armour fits poorly on your strangely
                  | shaped body. [potion of mutation]
 27238 | Lair:6   | Gained mutation: You possess an exceptional clarity of
                  | mind. [potion of mutation]
 27238 | Lair:6   | Gained mutation: You have hidden genetic defects. [potion
                  | of mutation]
 27239 | Lair:6   | Lost mutation: You possess an exceptional clarity of mind.
                  | [potion of mutation]
 27239 | Lair:6   | Lost mutation: You have hidden genetic defects. [potion of
                  | mutation]
 27239 | Lair:6   | Lost mutation: Armour fits poorly on your strangely shaped
                  | body. [potion of mutation]
 27239 | Lair:6   | Gained mutation: You have hidden genetic defects. [potion
                  | of mutation]
 27239 | Lair:6   | Gained mutation: You expend magic power (3 MP) to
                  | strengthen your wands. [potion of mutation]
 27239 | Lair:6   | Gained mutation: Your system is resistant to poisons.
                  | (rPois) [potion of mutation]
 28160 | D:11     | Reached skill level 10 in Fire Magic
 29667 | D:11     | Gained mutation: You occasionally shout uncontrollably at
                  | your foes. [hidden defects]
 30228 | D:12     | Noticed Sonja
 30265 | D:12     | Cast into level 1 of the Abyss (Sonja)
 30315 | D:12     | Escaped the Abyss
 30321 | D:12     | Killed Sonja
 30576 | D:12     | Found a staircase to the Orcish Mines.
 30633 | D:12     | Found a shimmering blue altar of Sif Muna.
 30651 | D:12     | Noticed Rupert
 30652 | D:12     | Paralysed by Rupert for 2 turns
 30716 | D:12     | Killed Rupert
 30717 | D:12     | Reached skill level 10 in Dodging
 31903 | D:12     | Reached XP level 15. HP: 90/120 MP: 28/28
 31916 | D:12     | Gained mutation: You frequently scream uncontrollably at
                  | your foes. [hidden defects]
 31916 | D:12     | Lost mutation: You have hidden genetic defects. [hidden
                  | defects expressed]
 34731 | D:14     | Reached skill level 10 in Short Blades
 34731 | D:14     | Reached skill level 10 in Long Blades
 34731 | D:14     | Reached skill level 10 in Maces & Flails
 34731 | D:14     | Reached skill level 10 in Polearms
 34731 | D:14     | Reached skill level 10 in Staves
 34731 | D:14     | Reached skill level 10 in Slings
 34731 | D:14     | Reached skill level 10 in Bows
 34731 | D:14     | Reached skill level 10 in Crossbows
 34731 | D:14     | Reached skill level 10 in Throwing
 34731 | D:14     | Reached skill level 10 in Stealth
 34731 | D:14     | Reached skill level 10 in Shields
 34731 | D:14     | Reached skill level 10 in Unarmed Combat
 34731 | D:14     | Reached skill level 10 in Spellcasting
 34731 | D:14     | Reached skill level 10 in Evocations
 35152 | D:14     | Noticed Agnes
 35167 | D:14     | Killed Agnes
 35967 | D:14     | Found a runed translucent gate.
 35968 | D:14     | Found a runed translucent gate.
 35969 | D:14     | Found a runed translucent gate.
 35970 | D:14     | Noticed Pepuhonn's ghost (adept DsIE)
 36219 | D:14     | Found a gate to the Vaults.
 37480 | D:14     | Killed Pepuhonn's ghost
 37728 | D:15     | Entered Level 15 of the Dungeon
 37735 | D:15     | Found a sacrificial altar of Ru.
 38762 | D:14     | HP: 1/121 [acid (8)]
 40566 | D:15     | Found a staircase to the Depths.
 40596 | D:15     | HP: 6/122 [dire elephant (9)]
 40596 | D:15     | HP: 2/122 [dire elephant (4)]
 40600 | D:15     | Corrupted D:15
 40600 | D:15     | Noticed a tentacled starspawn
 40600 | D:15     | Mangled by a dire elephant

Illustrated notes

Levels and vault maps discovered:
D:1:      dpeg_arrival_three_same_balls, layout_basic, serial_shops,
          nicolae_shop_bloodbath_and_beyond
D:2:      layout_basic, serial_shops, shop_statue, serial_undead,
          serial_undead_d, serial_undead_e, serial_undead_e, serial_undead_c,
          ebering_ecumenical_altar_sacrificial, basic_altar,
          nicolae_underground_beach
D:3:      minmay_wonky_spiral, layout_basic, serial_shops,
          nicolae_shop_competitors_out_of_business, shop,
          gammafunk_ghost_gnarly_gnolls, uniq_natasha
D:4:      layout_basic, serial_shops, shop_fountains, uniq_robin,
          uniq_eustachio, uniq_sigmund, uniq_edmund
D:5:      layout_loops_ring, mainiacjoe_overflow_concentric_impassable,
          gammafunk_ghost_nasty_kobolds, grunt_ministairs_13,
          minmay_misc_feat_square, kennysheep_generic_room_7, uniq_menkaure,
          uniq_grinder
D:6:      layout_rooms, general_overflow_altar,
          nicolae_qazlal_scattered_showers, minmay_temple_entry_stoned_glass,
          minmay_crystal_room
D:7:      minmay_flawed_box, layout_basic, gammafunk_ghost_smash
D:8:      layout_layer_cave, mainiacjoe_overflow_surrounded_room,
          dpeg_lair_monsters, minivault_12
D:9:      old_forge, layout_basic, minmay_misc_feat_nine_boxes,
          hangedman_glass_teeth, amcnicky_mini_corridor_feature,
          hangedman_abyss_or_decor_clamps
D:10:     layout_roguey, minivault_26, nicolae_shop_fire_sale
          [nicolae_sub_dead_trees], chequers_serial_rivers_micro_a
D:11:     cheibrodos_orc_bank, layout_grid_maze, minmay_beelzebubs_servants
D:12:     layout_loops_corners, orc_0_dummy, lemuel_blue_sif_altar, uniq_rupert,
          uniq_sonja
D:13:     layout_long_grid
D:14:     layout_basic, david_vaults_1, columned_hall_lemuel,
          ebering_ghost_rock_garden, uniq_agnes
D:15:     hangedman_depths_entry_try_elsewhere_first, layout_loops_ring,
          hangedman_abyss_or_decor_passed, nicolae_ru_sacrificial_ziggurat
Lair:1:   layout_long_grid, pond
Lair:2:   layout_cellular_growth
Lair:3:   layout_hall_layers, minmay_shoals_entry_lonely_mermaid,
          guppyfry_snake_entry_island
Lair:4:   layout_cellular_growth, nzn_random_ring, infiniplex_staircase_pool_2
Lair:5:   layout_regular_city, gammafunk_ghost_berserking_beasts,
          grunt_megastairs_2, uniq_nessos
Lair:6:   cheibrodos_lair_end_hotspot, layout_gridlike, slime_altar_1,
          chequers_serial_rivers_micro_b, chequers_serial_rivers_micro_d

Skill      XL: |  1  2  3  4  5  6  7  8  9 10 11 12 13 14 15 |
---------------+----------------------------------------------+-----
Short Blades   | 1 2 3 4 5 6 7 8 9 10 | 10.5
Long Blades    | 1 2 3 4 5 6 7 8 9 10 | 10.5
Maces & Flails | 1 2 3 4 5 6 7 8 9 10 | 10.5
Polearms       | 1 2 3 4 5 6 7 8 9 10 | 10.5
Staves         | 1 2 3 4 5 6 7 8 9 10 | 10.5
Slings         | 1 2 3 4 5 6 7 8 9 10 | 10.5
Bows           | 1 2 3 4 5 6 7 8 9 10 | 10.5
Crossbows      | 1 2 3 4 5 6 7 8 9 10 | 10.5
Throwing       | 1 2 3 4 5 6 7 8 9 10 | 10.5
Stealth        | 1 2 3 4 5 6 7 8 9 10 | 10.5
Shields        | 1 2 3 4 5 6 7 8 9 10 | 10.5
Unarmed Combat | 1 2 3 4 5 6 7 8 9 10 | 10.5
Spellcasting   | 1 2 3 4 5 6 7 8 9 10 | 10.5
Evocations     | 1 2 3 4 5 6 7 8 9 10 | 10.5
Conjurations   | 1 2 3 4 5 6 7 8 |  8.8
Hexes          | 1 2 3 4 5 6 7 8 |  8.8
Summonings     | 1 2 3 4 5 6 7 8 |  8.8
Necromancy     | 1 2 3 4 5 6 7 8 |  8.8
Translocations | 1 2 3 4 5 6 7 8 |  8.8
Transmutations | 1 2 3 4 5 6 7 8 |  8.8
Fire Magic     | 1 2 3 4 5 6 7 9 10 11 | 11.4
Ice Magic      | 1 2 3 4 5 6 7 8 |  8.8
Air Magic      | 1 2 3 4 5 6 7 8 |  8.8
Earth Magic    | 1 2 3 4 5 6 7 8 |  8.8
Poison Magic   | 1 2 3 4 5 6 7 8 |  8.8
Dodging        | 3 4 5 6 7 8 9 10 | 10.8
Invocations    | 5 6 7 8 9 10 11 12 | 12.3
Axes           | 5 6 7 8 9 10 11 | 11.4
Armour         | 5 6 7 8 9 10 11 | 11.4
Fighting       | 7 8 9 10 11 12 | 12.3

Action                   |  1- 3 |  4- 6 |  7- 9 | 10-12 | 13-15 || total
-------------------------+-------+-------+-------+-------+-------++-------
Melee: Hand axe          |   119 |   102 |   237 |   601 |  1623 ||  2682
       Bite              |    13 |     8 |    30 |   108 |   345 ||   504
       Punch             |       |     3 |     5 |    52 |   158 ||   218
       Long sword        |       |       |       |    39 |    68 ||   107
Throw: Dart              |       |     3 |       |    31 |    21 ||    55
       Throwing net      |       |       |       |     2 |       ||     2
Invok: Depart the Abyss  |     1 |       |       |       |     1 ||     2
       Bend Space        |       |     2 |     1 |     1 |     8 ||    12
       Banish            |       |       |       |       |    12 ||    12
       Corrupt           |       |       |       |       |     1 ||     1
  Use: Scroll            |     5 |     2 |     5 |    10 |    11 ||    33
       Potion            |       |       |     2 |     5 |    17 ||    24
 Stab: Sleeping          |     1 |     2 |       |       |       ||     3
       Distracted        |       |       |       |       |     2 ||     2
       Invisible         |       |       |       |       |    10 ||    10
Armor: Leather armour    |    57 |       |       |       |       ||    57
       Ring mail         |       |    38 |       |       |       ||    38
       Plate armour      |       |     8 |   255 |   613 |  1140 ||  2016
Dodge: Dodged            |   122 |    55 |    50 |   288 |  1107 ||  1622

Table legend: (Time is in decaauts)
 A = Elapsed time spent in this place.
 B = Non-inter-level travel time spent in this place.
 C = Inter-level travel time spent in this place.
 D = Time resting spent in this place.
 E = Time spent auto-exploring this place.
 F = Levels seen in this place.
 G = Mean time per level.
                   A        B        C        D        E       F      G
               +--------+--------+--------+--------+--------+-----+--------+
         Total |  40218 |  39028 |   1190 |   9130 |  23825 |  25 | 1608.7 |
       Dungeon |  27726 |  26795 |    931 |   6384 |  16220 |  15 | 1848.4 |
          Lair |  12335 |  12076 |    259 |   2697 |   7534 |   6 | 2055.8 |
         Abyss |    156 |    156 |      0 |     49 |     71 |   4 |   39.0 |
               +--------+--------+--------+--------+--------+-----+--------+

Top non-repeatable levels by time:
    D:14: 3736 daAuts
  Lair:6: 3432 daAuts
  Lair:4: 2468 daAuts
    D:13: 2378 daAuts
    D:12: 2290 daAuts
     D:7: 2277 daAuts
    D:11: 2181 daAuts
  Lair:1: 2090 daAuts
    D:15: 2047 daAuts
     D:8: 1968 daAuts
     D:2: 1859 daAuts
  Lair:5: 1687 daAuts
  Lair:2: 1661 daAuts
     D:3: 1630 daAuts
     D:9: 1484 daAuts
